 Dungeon Crawl Stone Soup version 0.31-a0-1074-g0b22e4e0f1 (webtiles) character file.

Game seed: 7922019987810955656

19 Curundu the Trooper (level 2, 0/28 HPs)
             Began as a Minotaur Berserker on Dec 8, 2023.
             Was a Follower of Trog.
             Slain by a cerulean imp
             ... wielding a +1 spear
             ... summoned by Natasha
              (2 damage)
             ... on level 2 of the Dungeon.
             The game lasted 00:02:52 (1048 turns).

Curundu the Trooper (Minotaur Berserker)            Turns: 1048, Time: 00:02:53

Health: 0/28       AC:  6    Str: 21    XL:     2   Next: 55%
Magic:  1/1        EV: 10    Int:  4    God:    Trog [*.....]
Gold:   52         SH:  0    Dex:  9    Spells: 1/1 levels left

rFire   . . .        a - +0 spear
rCold   . . .        (no shield)
rNeg    . . .        h - +0 scale mail {rPois}
rPois   +            (helmet restricted)
rElec   .            (no cloak)
rCorr   .            (no gloves)
SInv    .            (no boots)
Will    .....        (no amulet) Stlth
                     (no ring)
HPRegen 0.24/turn    (no ring)
MPRegen 0.07/turn

%: no passive effects
@: slowed, very slow
A: horns 2, retaliatory headbutt
a: Renounce Religion, Berserk


You were on level 2 of the Dungeon.
You worshipped Trog.
Trog was aware of your devotion.
You visited 1 branch of the dungeon, and saw 2 of its levels.

You collected 52 gold pieces.

Inventory:

Hand Weapons
 a - a +0 spear (weapon)
Missiles
 f - 2 boomerangs (quivered)
Armour
 b - a +0 animal skin
 h - a +0 scale mail of poison resistance (worn)
Jewellery
 d - a ring of positive energy
Scrolls
 c - a scroll of immolation {unknown}
 e - a scroll of vulnerability {unknown}
 g - 2 scrolls of fog {unknown}
Potions
 i - a potion of curing {unknown}


   Skills:
 + Level 4.3 Fighting
 + Level 3.9 Polearms
 + Level 2.4 Armour
 + Level 2.4 Dodging


You had one spell level left.
You didn't know any spells.
Your spell library contained the following spells:

 Spells                   Type           Power      Damage    Failure   Level
 Summon Guardian Golem    Hex/Summ       0%         N/A       99%         3
 Orb of Destruction       Conj           0%         9d5       100%        7
 Spellforged Servitor     Conj/Summ      0%         N/A       100%        7


Dungeon Overview and Level Annotations

Branches:
Dungeon (2/15)

Altars:

Annotations:
D:2 Natasha


Innate Abilities, Weirdness & Mutations

You have a pair of horns on your head.
You reflexively headbutt those who attack you in melee.


Message History

You barely miss Natasha.
Natasha is severely wounded.
Natasha mumbles some strange words.
Natasha closely misses you.
You barely miss Natasha.
Natasha is severely wounded.
Natasha mumbles some strange words.
The cerulean imp misses you.
You closely miss Natasha. Your headbutt misses Natasha.
Natasha is severely wounded.
Natasha casts a spell at you. You resist with significant effort.
The cerulean imp hits you from afar with a +1 spear.
You barely miss Natasha.
Natasha is severely wounded.
Natasha claws you!
The cerulean imp hits you from afar with a +0 spear.
The cerulean imp hits you from afar with a +1 spear.
* * * LOW HITPOINT WARNING * * *
Natasha stares at you and mumbles some strange words.
You feel as though you will be slow longer.
The cerulean imp hits you from afar with a +0 spear.
* * * LOW HITPOINT WARNING * * *
The cerulean imp hits you from afar with a +1 spear.
* * * LOW HITPOINT WARNING * * *
You hit Natasha but do no damage. Your headbutt misses Natasha.
Natasha is severely wounded.
Natasha wildly gestures.
You feel troubled. Natasha closely misses you.
The cerulean imp hits you but does no damage.
The cerulean imp hits you from afar with a +1 spear.
* * * LOW HITPOINT WARNING * * *
You barely miss Natasha.
Natasha is severely wounded.
Natasha mumbles some strange words.
You feel troubled. Natasha barely misses you.
The cerulean imp closely misses you.
The cerulean imp hits you from afar with a +1 spear.
You die...

.#.##.#.# #.# #.#
######### #†# #.#
#.###.# #.##..#
#....## #..### #.##
##.##########.####.#
#.........@........#
##.######.h.########
#5#5.... #)######
... .... ......
.......


You could see Natasha and 2 cerulean imps.

Vanquished Creatures
  2 bats
  An endoplasm (D:1)
  2 giant cockroaches (D:1)
  3 goblins (D:1)
  2 hobgoblins
  A quokka (D:2)
  A ball python (D:2)
  2 frilled lizards
  A kobold (D:1)
  3 rats
18 creatures vanquished.

Notes
Turn   | Place    | Note
-------+----------+-------------------------------------------
     0 | D:1      | Curundu the Minotaur Berserker began the quest for the Orb.
     0 | D:1      | Reached XP level 1. HP: 19/19 MP: 0/0
   349 | D:1      | Reached skill level 4 in Fighting
   358 | D:1      | Reached XP level 2. HP: 21/27 MP: 1/1
  1036 | D:2      | Noticed Natasha
  1048 | D:2      | Slain by a cerulean imp

Illustrated notes

Levels and vault maps discovered:
D:1:      matt_arrival_spirals, layout_basic, minmay_tree_intersection
D:2:      layout_basic, kennysheep_another_room, kennysheep_cluttered_room,
          minivault_25, minmay_misc_feat_rugged, uniq_natasha

Skill      XL: |  1 |
---------------+----+-----
Fighting       | 4 |  4.3
Polearms       | |  3.9
Armour         | |  2.4
Dodging        | |  2.4

Action                     || total
---------------------------++-------
  Melee: Spear             ||    46
         Headbutt          ||     3
 Armour: Animal skin       ||    16
         Scale mail        ||    19
  Dodge: Dodged            ||    28

Table legend: (Time is in decaauts)
 A = Elapsed time spent in this place.
 B = Non-inter-level travel time spent in this place.
 C = Inter-level travel time spent in this place.
 D = Time resting spent in this place.
 E = Time spent auto-exploring this place.
 F = Levels seen in this place.
 G = Mean time per level.
                   A        B        C        D        E       F      G
               +--------+--------+--------+--------+--------+-----+--------+
         Total |   1049 |   1049 |      0 |     24 |    853 |   2 |  524.5 |
       Dungeon |   1049 |   1049 |      0 |     24 |    853 |   2 |  524.5 |
               +--------+--------+--------+--------+--------+-----+--------+

Top non-repeatable levels by time:
     D:1: 922 daAuts
     D:2: 126 daAuts
